 Dungeon Sprint DCSS version 0.20-a0-640-g62ed22f (webtiles) character file.

138 esc the Skirmisher (level 8, -6/46 HPs)
             Began as a Vine Stalker Fighter on Feb 12, 2017.
             Was a High Priest of Makhleb.
             Splashed by a jelly's acid (8 damage)
             ... while paralysed by a floating eye
             ... in the Dungeon (Sprint VI: "Thunderdome").
             The game lasted 00:06:02 (576 turns).

esc the Skirmisher (Vine Stalker Fighter)            Turns: 576, Time: 00:06:03

Health: -6/46      AC: -16   Str: 27    XL:     8   Next: 43%
Magic:  0/13       EV:  2    Int:  3    God:    Makhleb [*****.]
Gold:   209        SH:  0    Dex: 20    Spells: 7/7 levels left

rFire    + + .     SeeInvis .   a - +0 rapier
rCold    x . .     Gourm    .   b - +0 scale mail
rNeg     . . .     Faith    +   c - +0 shield
rPois    +         Spirit   +   (helmet restricted)
rElec    .         Reflect  .   (no cloak)
rCorr    .         Harm     .   (no gloves)
MR       +....     NoTele   +   (no boots)
Stlth    ..........             r - amulet "Baquif" {Faith Slay+2}
Regen    0.6/turn               p - ring "Vycetuh" {Fire *Drain +Inv rPois Int-5 Slay+5}
MPRegen  0.2/turn               q - ring "Giynoleg" {rF+ Str+6 Dex+2}

@: paralysed, corroded
A: antennae 1, fangs 3, agile 2, blurry vision 1, low mp 1, regeneration 1,
screaming 1, wild magic 1, magic shield, antimagic bite, no potion heal 3, rot
immunity
a: Minor Destruction, Lesser Servant of Makhleb, Major Destruction, Greater
Servant of Makhleb, Renounce Religion, Evoke Invisibility


You were in the Dungeon.
You worshipped Makhleb.
Makhleb was extremely pleased with you.
You were not hungry.

You visited 1 branch You collected 400 gold pieces.
You spent 191 gold pieces at shops.

Inventory:

Hand Weapons
 a - a +0 rapier (weapon)
Armour
 b - a +0 scale mail (worn)
 c - a +0 shield (worn)
Jewellery
 p - the ring "Vycetuh" (right hand) {Fire *Drain +Inv rPois Int-5 Slay+5}
   (You bought it in a shop in the Dungeon)

   [ring of fire]

   It enhances your fire magic.
   It affects your intelligence (-5).
   It affects your accuracy and damage with ranged weapons and melee attacks
   (+5).
   It protects you from fire.
   It makes you vulnerable to cold.
   It protects you from poison.
   It lets you turn invisible.
   It causes draining when unequipped.
 q - the ring "Giynoleg" (left hand) {rF+ Str+6 Dex+2}
   (You bought it in a shop in the Dungeon)

   [ring of protection from fire]

   It affects your strength (+6).
   It affects your dexterity (+2).
   It protects you from fire.
 r - the amulet "Baquif" (around neck) {Faith Slay+2}
   (You bought it in a shop in the Dungeon)

   [amulet of faith]

   It allows you to gain divine favour quickly.
   It affects your accuracy and damage with ranged weapons and melee attacks
   (+2).
Wands
 l - a wand of acid (5/15)
   (You found it in the Dungeon)
 m - a wand of iceblast (4/15)
   (You found it in the Dungeon)
Scrolls
 k - 4 scrolls of blinking {!r}
 n - 3 scrolls of fog
Potions
 e - a potion of curing
 h - 4 potions of haste
 i - 2 potions of magic
 j - a potion of cancellation {unknown}
 o - a potion of resistance
Comestibles
 f - a bread ration {@e1}


   Skills:
 + Level 7.4 Fighting
 + Level 7.0 Short Blades
 + Level 6.6 Armour
 + Level 6.0 Dodging
 + Level 7.4 Shields
 + Level 7.2 Invocations


You had 7 spell levels left.
You didn't know any spells.

Dungeon Overview and Level Annotations

Branches:
Dungeon (1/1)

Altars:
Cheibriados
Dithmenos
Fedhas
Gozag
Kikubaaqudgha
Makhleb
Okawaru
Qazlal
Ru
Sif Muna
Trog
Uskayaw
Vehumet
Xom
Yredelemnul
Zin
The Shining One
Beogh
Jiyva
Lugonu

Shops:
D *[%??*?*:[((!!!!


Innate Abilities, Weirdness & Mutations

You have razor-sharp teeth.
Your natural rate of healing is unusually fast.
When hurt, damage is shared between your health and your magic reserves.
Your bite disrupts and absorbs the magic of your enemies.
Potions cannot restore your health.
You are immune to rotting.
You have a pair of small antennae on your head.
You are very agile. (Dex +4)
Scrolls take you a little longer to read.
Your magical capacity is low. (-10% MP)
You occasionally shout uncontrollably at your foes.
Your spells are a little harder to cast, but a little more powerful.


Message History

The ooze quivers.
A jelly comes into view.
The jelly quivers.
The floating eye seems to glare at you. 50...
You puncture the jelly!
You kill the jelly!
Makhleb accepts your kill.
The floating eye gazes piercingly through you!
You suddenly lose the ability to move!
The ooze hits you but does no damage. The floating eye seems to glare at you.
The ooze barely misses you. The ooze hits you but does no damage.
You can move again.
Unknown command.
Unknown command.
You puncture the floating eye! You bite the floating eye.
The floating eye's magic leaks into the air.
You drain its magic.
You kill the floating eye!
Makhleb accepts your kill.
Your Invocations skill increases to level 7!
The ooze barely misses you.
You puncture the ooze! You bite the ooze. You drain its power.
You kill the ooze!
Makhleb accepts your kill.
A floating eye comes into view.
The floating eye turns its gaze towards you.
Things that are here:
a robe; a scythe The floating eye's stare focuses on you.
You puncture the floating eye! You bite the floating eye.
The floating eye's magic leaks into the air.
You drain its magic.
You kill the floating eye!
Makhleb accepts your kill.
Your Short Blades skill increases to level 7!
Your Dodging skill increases to level 6!
No target in view!
A jelly comes into view.
A floating eye and a shining eye come into view.
The floating eye turns its gaze towards you.
The shining eye turns its gaze towards you.
The jelly quivers.
The floating eye's view fixates on you.
The floating eye gazes piercingly through you!
You suddenly lose the ability to move!
The shining eye gazes at you.
Strange energies course through your body.
You feel the urge to shout.
The floating eye's stare focuses on you.
The jelly hits you. The acid corrodes you!
You are splashed with acid!
The acid burns!
You can move again.
You take 8 damage, and have 38/46 hp.
You now have 11/14 mp.
Unknown command.
You hit the jelly. The acid corrodes you!
Your hands burn!
Your bite misses the jelly.
The floating eye gazes piercingly through you!
You shrug off the repeated paralysis!
The jelly hits you. The acid corrodes you!
You are splashed with acid!
The acid burns!
The shining eye gazes at you.
Strange energies course through your body.
Your vision blurs.
You take 8 damage, and have 30/46 hp.
You now have 7/14 mp.
Unknown command.
Unknown command.
You hit the jelly. The acid corrodes you!
Your hands burn!
You bite the jelly. You drain its power.
You feel invigorated. The jelly hits you.
You are splashed with acid!
The acid burns!
You take 8 damage, and have 22/46 hp.
You hit the jelly but do no damage.
Your hands burn!
You bite the jelly, but do no damage.
The floating eye's stare focuses on you.
You block the jelly's attack.
You take 2 damage, and have 20/46 hp.
Unknown command.
You hit the jelly but do no damage. The acid corrodes you!
Your hands burn!
You bite the jelly, but do no damage. The jelly hits you.
You are splashed with acid!
The acid burns!
* * * LOW HITPOINT WARNING * * *
You take 11 damage, and have 9/46 hp.
MASSIVE DAMAGE!!
You now have 3/14 mp.
Okay, then. 20...
The shining eye gazes at you.
Strange energies course through your body.
You feel less energetic.
The floating eye gazes piercingly through you!
You suddenly lose the ability to move!
The jelly hits you.
* * * LOW HITPOINT WARNING * * *
The acid corrodes you!
You are splashed with acid!
The acid burns!
* * * LOW HITPOINT WARNING * * *
The jelly hits you.
* * * LOW HITPOINT WARNING * * *
The acid corrodes you!
You are splashed with acid!
The acid burns!
You die...

##∩___......###......___∩##
###∩........8.# #.8......!.∩#
##.............###............
#⌠..........###...###.........
#⌠..........# #.<.# #.........
#⌠........G.###...###.........
##.........[...###............
###∩.......J8.# #.8........∩#
##∩___...G@.###.......__∩##
######.8.........8.######
#⌠........[..⌠#
###.....%...### #_......._#
#.........# #_......._#
#∩.......∩# ##∩.....∩##


You could see a shining eye, a jelly and a floating eye.

Vanquished Creatures
  An air elemental (D)
  Sigmund (D)
  An insubstantial wisp (D)
  A porcupine (D)
  2 floating eyes (D)
  3 sky beasts (D)
  Purgy (D)
  A jelly (D)
  Terence (D)
  An orc wizard (D)
  A lightning spire (D)
  A river rat (D)
  An ooze (D)
  A quokka (D)
  A frilled lizard (D)
  3 rats (D)
21 creatures vanquished.

Notes
Turn   | Place    | Note
-------+----------+-------------------------------------------
     0 | D        | esc the Vine Stalker Fighter began the quest for the Orb.
     0 | D        | Reached XP level 1. HP: 11/11 MP: 2/2
     1 | D        | Found an opulent altar of Gozag.
     2 | D        | Found a hide-covered altar of Uskayaw.
     3 | D        | Found a deep blue altar of Sif Muna.
     3 | D        | Found a sacrificial altar of Ru.
     4 | D        | Found a corrupted altar of Lugonu.
     4 | D        | Found Maf Ala's Weapon Rack.
     4 | D        | Found Xipti's Premium Goods.
     5 | D        | Found Opeonugu's Basic Armour.
     5 | D        | Found Uphyvvu's Miscellaneous Merchandise.
     5 | D        | Round 1.
     7 | D        | Found a basalt altar of Yredelemnul.
     8 | D        | Found a glowing silver altar of Zin.
     9 | D        | Noticed Terence
     9 | D        | Found an ancient bone altar of Kikubaaqudgha.
    10 | D        | Found Cude's Identification Station.
    10 | D        | Found a stormy altar of Qazlal.
    10 | D        | Found a roughly hewn altar of Beogh.
    10 | D        | Found a viscous altar of Jiyva.
    10 | D        | Found Uvves's Bee Food.
    11 | D        | Found Woytinnepoe's Advanced Armour.
    11 | D        | Found Opevett's Jewellery.
    14 | D        | Found a bloodstained altar of Trog.
    19 | D        | Bought a scorched granite ring for 45 gold pieces
    19 | D        | Bought a smoking marble ring for 45 gold pieces
    19 | D        | Bought a smoking ruby amulet for 45 gold pieces
    19 | D        | Identified the amulet "Baquif" {Faith Slay+2} (You bought it in a shop in the Dungeon)
    20 | D        | Identified the ring "Giynoleg" {rF+ Str+6 Dex+2} (You bought it in a shop in the Dungeon)
    21 | D        | Identified the ring "Vycetuh" {Fire *Drain +Inv rPois Int-5 Slay+5} (You bought it in a shop in the Dungeon)
    28 | D        | Found a snail-covered altar of Cheibriados.
    28 | D        | Found an iron altar of Okawaru.
    28 | D        | Found Joselud's Magic Scroll Shop.
    28 | D        | Found Kodoin's Magic Scroll Shop.
    29 | D        | Found Miug's Must-Have Magic.
    30 | D        | Found a blossoming altar of Fedhas.
    30 | D        | Found a radiant altar of Vehumet.
    30 | D        | Found Oqyr's Staff Store.
    34 | D        | Found a shadowy altar of Dithmenos.
    35 | D        | Found a shimmering altar of Xom.
    36 | D        | Found a burning altar of Makhleb.
    37 | D        | Found Erileith's Distillery.
    38 | D        | Found Codanes's Distillery.
    38 | D        | Found Wotod's Bottled Wisdom.
    38 | D        | Found a glowing golden altar of the Shining One.
    38 | D        | Found Qefomali's Do-It-Yourself Clinic.
    44 | D        | Became a worshipper of Makhleb the Destroyer
    50 | D        | Killed Terence
    50 | D        | Reached * piety under Makhleb
    50 | D        | Reached skill level 3 in Fighting
    50 | D        | Reached skill level 2 in Short Blades
    50 | D        | Reached skill level 3 in Armour
    50 | D        | Reached skill level 1 in Dodging
    50 | D        | Reached skill level 3 in Shields
    50 | D        | Reached skill level 2 in Invocations
    50 | D        | Reached XP level 2. HP: 16/16 MP: 2/4
    50 | D        | Reached XP level 3. HP: 20/20 MP: 2/5
    91 | D        | Noticed Sigmund
    97 | D        | Killed Sigmund
    97 | D        | Reached skill level 4 in Fighting
    97 | D        | Reached skill level 4 in Short Blades
    97 | D        | Reached skill level 4 in Armour
    97 | D        | Reached skill level 3 in Dodging
    97 | D        | Reached skill level 4 in Shields
    97 | D        | Reached skill level 4 in Invocations
    97 | D        | Gained mutation: Your natural rate of healing is unusually fast. [Vine Stalker growth]
    97 | D        | Reached XP level 4. HP: 23/26 MP: 5/8
    97 | D        | Reached XP level 5. HP: 27/30 MP: 5/9
   110 | D        | Reached skill level 5 in Fighting
   110 | D        | Reached skill level 5 in Shields
   131 | D        | Reached ** piety under Makhleb
   131 | D        | Arena points: 12 (+12) [x2]
   166 | D        | Round 2.
   214 | D        | Noticed Purgy
   222 | D        | Killed Purgy
   222 | D        | Reached *** piety under Makhleb
   222 | D        | Reached skill level 5 in Short Blades
   222 | D        | Reached skill level 5 in Armour
   222 | D        | Reached skill level 4 in Dodging
   222 | D        | Reached XP level 6. HP: 34/35 MP: 8/10
   264 | D        | Noticed a porcupine
   269 | D        | Killed a porcupine
   269 | D        | Reached skill level 6 in Fighting
   269 | D        | Reached skill level 6 in Shields
   269 | D        | Reached skill level 5 in Invocations
   277 | D        | Arena points: 54 (+42) [x3]
   345 | D        | Round 3.
   358 | D        | Noticed an insubstantial wisp
   363 | D        | Killed an insubstantial wisp
   363 | D        | Reached **** piety under Makhleb
   363 | D        | Reached XP level 7. HP: 40/40 MP: 12/12
   395 | D        | Reached skill level 5 in Dodging
   415 | D        | Reached skill level 6 in Short Blades
   415 | D        | Reached skill level 6 in Invocations
   431 | D        | Reached skill level 6 in Armour
   455 | D        | Noticed an air elemental
   462 | D        | Killed an air elemental
   462 | D        | Reached ***** piety under Makhleb
   462 | D        | Reached skill level 7 in Fighting
   462 | D        | Reached skill level 7 in Shields
   462 | D        | Gained mutation: You have razor-sharp teeth. [Vine Stalker growth]
   462 | D        | Reached XP level 8. HP: 46/46 MP: 12/14
   481 | D        | Bought a potion of mutation for 56 gold pieces
   482 | D        | Gained mutation: You expend magic power (3 MP) to strengthen your wands. [mutagenic meat]
   483 | D        | Gained mutation: Scrolls take you a little longer to read. [mutagenic meat]
   484 | D        | Lost mutation: Scrolls take you a little longer to read. [mutagenic meat]
   485 | D        | Gained mutation: Your spells are a little harder to cast, but a little more powerful. [mutagenic meat]
   487 | D        | Gained mutation: Your flesh is heat resistant. (rF+) [mutagenic meat]
   488 | D        | Lost mutation: You expend magic power (3 MP) to strengthen your wands. [potion of mutation]
   488 | D        | Lost mutation: Your flesh is heat resistant. (rF+) [potion of mutation]
   488 | D        | Gained mutation: You have a pair of small antennae on your head. [potion of mutation]
   488 | D        | Gained mutation: You are agile. (Dex +2) [potion of mutation]
   488 | D        | Gained mutation: You are very agile. (Dex +4) [potion of mutation]
   518 | D        | Arena points: 138 (+84) [x4]
   540 | D        | Round 4.
   545 | D        | Paralysed by a floating eye for 4 turns
   549 | D        | Reached skill level 7 in Invocations
   561 | D        | Reached skill level 7 in Short Blades
   561 | D        | Reached skill level 6 in Dodging
   566 | D        | Noticed a shining eye
   567 | D        | Paralysed by a floating eye for 3 turns
   567 | D        | Gained mutation: You occasionally shout uncontrollably at your foes. [a shining eye]
   570 | D        | Gained mutation: Scrolls take you a little longer to read. [a shining eye]
   573 | D        | HP: 9/46 [acid (7)]
   574 | D        | Gained mutation: Your magical capacity is low. (-10% MP) [a shining eye]
   574 | D        | Paralysed by a floating eye for 4 turns
   575 | D        | HP: 3/46 [acid (6)]
   576 | D        | Splashed by a jelly's acid

Vault maps used:
D:        arena_sprint

Skill      XL: |  1  2  3  4  5  6  7  8 |
---------------+-------------------------+-----
Fighting       | 3 4 5 6 7 |  7.4
Short Blades   | 2 4 5 6 7 |  7.0
Armour         | 3 4 5 6 |  6.6
Dodging        | 1 3 4 5 6 |  6.0
Shields        | 3 4 5 6 7 |  7.4
Invocations    | 2 4 5 6 7 |  7.2

Action                   |  1- 3 |  4- 6 |  7- 9 || total
-------------------------+-------+-------+-------++-------
Melee: Rapier            |     7 |    17 |    23 ||    47
       Bite              |     2 |     4 |    15 ||    21
Invok: Lesser Servant of |       |       |     1 ||     1
       Major Destruction |       |       |     1 ||     1
 Abil: Evoke Invisibilit |       |       |     1 ||     1
Evoke: Wand              |       |     1 |       ||     1
  Use: Potion            |     2 |       |     1 ||     3
 Stab: Invisible         |       |       |     2 ||     2
  Eat: Chunk             |       |       |     6 ||     6
Armor: Scale mail        |     1 |     2 |     6 ||     9
Dodge: Dodged            |     3 |     1 |     8 ||    12
Block: Shield            |     1 |     6 |     7 ||    14

Vault maps used:
D:        arena_sprint

Table legend:
 A = Turns spent in this place as a percentage of turns spent in the entire game.
 B = Non-inter-level travel turns spent in this place as a percentage of non-inter-level travel turns spent in the entire game.
 C = Inter-level travel turns spent in this place as a percentage of turns spent in this place.
 D = Turns resting spent in this place as a percentage of non-inter-level travel turns spent in this place.
 E = Turns spent auto-exploring this place as a percentage of non-inter-level travel turns spent in this place.
 F = Non-inter-level travel turns spent in this place divided by the number of levels of this place that you've seen.
                   A       B       C       D       E      F
               +-------+-------+-------+-------+-------+----------------------
         Total | 100.0 | 100.0 |   0.0 |   6.0 |   0.0 | 435.0
       Dungeon | 100.0 | 100.0 |   0.0 |   6.0 |   0.0 | 435.0
               +-------+-------+-------+-------+-------+----------------------

Table legend:
 A = Kills in this place as a percentage of kills in entire the game.
 B = Kills by you in this place as a percentage of kills by you in the entire game.
 C = Kills by friends in this place as a percentage of kills by friends in the entire game.
 D = Other kills in this place as a percentage of other kills in the entire game.
 E = Experience gained in this place as a percentage of experience gained in the entire game.
 F = Experience gained in this place divided by the number of levels of this place that you have seen.
                   A       B       C       D       E      F
               +-------+-------+-------+-------+-------+----------------------
         Total | 100.0 | 100.0 |  -nan |  -nan | 100.0 | 1701.0
       Dungeon | 100.0 | 100.0 |  -nan |  -nan | 100.0 | 1701.0
               +-------+-------+-------+-------+-------+----------------------
